[ AOE2 MATCH · #506226677 ]
UnrankedBohemians vs Malay
Player's team · WIN
Rival team · LOSS
[ REPLAY ANALYSIS · EXTRACTED FROM THE RECORDED GAME ]
Feudal
9:48
Castle
22:41
Imperial
36:07
| APM avg | 47.8 |
| APM peak | 94 |
| eAPM avg | 27.7 |
| Villagers / military | 194 / 463 |
Focus
⚔️ 51.9% · 🌾 48.1%
Skirmisher ×244 · Hussite Wagon ×118 · Monk ×58 · Bombard Cannon ×33 · Trebuchet (Packed) ×4 · Scout Cavalry ×3
Feudal
9:56
Castle
20:54
Imperial
32:51
| APM avg | 64.4 |
| APM peak | 104 |
| eAPM avg | 37.6 |
| Villagers / military | 234 / 706 |
Focus
⚔️ 51.6% · 🌾 48.4%
Militia ×535 · Archer ×76 · Skirmisher ×51 · Bombard Cannon ×21 · Trebuchet (Packed) ×10 · Battering Ram ×6
Match map
Initial resources + every placement click. Lines = walls · curves = elevation contours. ◆ gold · ⬟ stone · ● berries · ✦ relic · ◌ wall gap
Your base· Open — 6t gap
I believe I can fly's base· ✓ Closed at 20:54 · 20t walls · no gate
Smoothed initial terrain · ◌ = detected wall gap · hover for details
Inputs per minute
— RaggedCone8628 - - I believe I can fly
Build order — RaggedCone8628
First 150 of 713 actions detected
| 0:00 | Queue | Villager (Male) |
| 0:01 | Queue | Villager (Male) |
| 0:02 | Build | House |
| 0:03 | Build | House |
| 0:06 | Queue | Villager (Male) |
| 0:19 | Queue | Villager (Male) |
| 1:32 | Queue | Villager (Male) |
| 1:39 | Build | Mill |
| 2:04 | Queue | Villager (Male) |
| 2:33 | Queue | Villager (Male) |
| 3:00 | Research | Loom |
| 3:18 | Queue | Villager (Male) |
| 3:19 | Queue | Villager (Male) |
| 3:42 | Queue | Villager (Male) |
| 4:25 | Build | House |
| 4:27 | Build | House |
| 4:29 | Queue | Villager (Male) |
| 4:42 | Queue | Villager (Male) |
| 4:57 | Queue | Villager (Male) |
| 5:24 | Queue | Villager (Male) |
| 5:45 | Queue | Villager (Male) |
| 6:33 | Queue | Villager (Male) |
| 7:10 | Queue | Villager (Male) |
| 7:13 | Build | Lumber Camp |
| 7:38 | Research | Feudal Age |
| 7:54 | Build | Palisade Wall |
| 8:34 | Build | Palisade Wall |
| 9:13 | Build | Barracks |
| 9:18 | Queue | Villager (Male) |
| 9:48 | Age | Feudal Age |
| 9:49 | Queue | Villager (Male) |
| 9:56 | Build | Stable |
| 10:07 | Research | Double-Bit Axe |
| 10:12 | Queue | Spearman |
| 10:14 | Queue | Villager (Male) |
| 10:34 | Build | House |
| 10:37 | Queue | Scout Cavalry |
| 10:43 | Build | House |
| 10:49 | Build | Farm |
| 11:04 | Queue | Villager (Male) |
| 11:12 | Build | Mill |
| 11:15 | Build | Palisade Wall |
| 11:20 | Build | Palisade Wall |
| 11:32 | Build | Farm |
| 11:44 | Build | Farm |
| 11:45 | Build | Farm |
| 11:46 | Queue | Villager (Male) |
| 11:46 | Queue | Scout Cavalry |
| 11:58 | Build | Palisade Wall |
| 12:00 | Queue | Villager (Male) |
| 12:24 | Queue | Villager (Male) |
| 12:33 | Queue | Villager (Male) |
| 12:41 | Queue | Villager (Male) |
| 12:47 | Build | Farm |
| 12:48 | Build | Farm |
| 12:49 | Build | Farm |
| 12:49 | Build | Farm |
| 13:10 | Queue | Villager (Male) |
| 13:26 | Build | Farm |
| 13:27 | Build | Farm |
| 13:38 | Build | Palisade Wall |
| 13:44 | Build | Farm |
| 13:49 | Build | Farm |
| 13:50 | Queue | Scout Cavalry |
| 13:54 | Queue | Villager (Male) |
| 13:59 | Build | House |
| 14:07 | Build | Farm |
| 14:18 | Build | Farm |
| 14:33 | Queue | Villager (Male) |
| 14:43 | Build | Mining Camp |
| 14:48 | Build | House |
| 15:05 | Queue | Villager (Male) |
| 15:35 | Build | Archery Range |
| 15:37 | Build | Palisade Wall |
| 15:41 | Queue | Villager (Male) |
| 15:52 | Queue | Villager (Male) |
| 15:59 | Build | Archery Range |
| 16:04 | Queue | Villager (Male) |
| 16:08 | Build | House |
| 16:10 | Build | House |
| 16:12 | Build | House |
| 16:15 | Queue | Villager (Male) |
| 16:18 | Build | Palisade Wall |
| 16:35 | Queue | Villager (Male) |
| 16:47 | Queue | Skirmisher |
| 16:50 | Build | Palisade Wall |
| 16:56 | Build | Palisade Wall |
| 17:04 | Queue | Villager (Male) |
| 17:13 | Queue | Skirmisher |
| 17:38 | Queue | Skirmisher |
| 17:43 | Build | Blacksmith |
| 17:48 | Queue | Skirmisher |
| 17:49 | Queue | Villager (Male) |
| 18:21 | Queue | Villager (Male) |
| 18:28 | Queue | Skirmisher |
| 18:31 | Research | Fletching |
| 18:38 | Queue | Villager (Male) |
| 18:41 | Build | Farm |
| 18:49 | Build | Market |
| 18:51 | Queue | Skirmisher |
| 18:52 | Queue | Villager (Male) |
| 19:13 | Build | Palisade Wall |
| 19:18 | Queue | Skirmisher |
| 19:30 | Queue | Villager (Male) |
| 19:52 | Queue | Villager (Male) |
| 20:01 | Research | Castle Age |
| 20:12 | Build | Palisade Wall |
| 20:18 | Build | House |
| 20:19 | Build | House |
| 20:20 | Build | House |
| 20:23 | Queue | Skirmisher |
| 20:25 | Build | House |
| 20:26 | Build | House |
| 20:27 | Build | House |
| 20:35 | Research | Horse Collar |
| 20:42 | Build | Farm |
| 20:53 | Build | House |
| 20:54 | Build | House |
| 20:55 | Queue | Skirmisher |
| 21:07 | Build | House |
| 21:09 | Build | House |
| 21:11 | Queue | Skirmisher |
| 21:23 | Research | Padded Archer Armor |
| 21:24 | Queue | Skirmisher |
| 21:32 | Build | House |
| 21:38 | Build | House |
| 21:42 | Build | Lumber Camp |
| 21:45 | Queue | Skirmisher |
| 22:00 | Build | House |
| 22:17 | Build | House |
| 22:34 | Queue | Villager (Male) |
| 22:41 | Age | Castle Age |
| 22:43 | Research | Elite Skirmisher (upgrade) |
| 22:53 | Research | Bodkin Arrow |
| 23:02 | Queue | Villager (Male) |
| 23:09 | Queue | Villager (Male) |
| 23:16 | Build | House |
| 23:22 | Build | Farm |
| 23:22 | Build | Farm |
| 23:32 | Research | Bow Saw |
| 23:54 | Queue | Villager (Male) |
| 23:58 | Build | Palisade Wall |
| 24:05 | Queue | Villager (Male) |
| 24:10 | Queue | Skirmisher |
| 24:21 | Queue | Villager (Male) |
| 24:31 | Queue | Skirmisher |
| 24:34 | Queue | Villager (Male) |
| 24:43 | Build | Town Center |
| 24:45 | Queue | Villager (Male) |
| 24:48 | Queue | Villager (Male) |
Build order — I believe I can fly
First 150 of 1289 actions detected
| 0:01 | Queue | Villager (Male) |
| 0:01 | Queue | Villager (Male) |
| 0:02 | Build | House |
| 0:04 | Build | House |
| 0:12 | Queue | Villager (Male) |
| 0:13 | Queue | Villager (Male) |
| 0:13 | Queue | Villager (Male) |
| 1:29 | Queue | Villager (Male) |
| 1:30 | Queue | Villager (Male) |
| 1:55 | Build | Lumber Camp |
| 2:00 | Queue | Villager (Male) |
| 2:00 | Queue | Villager (Male) |
| 2:25 | Queue | Villager (Male) |
| 2:25 | Queue | Villager (Male) |
| 2:46 | Queue | Villager (Male) |
| 2:47 | Queue | Villager (Male) |
| 3:12 | Queue | Villager (Male) |
| 3:12 | Queue | Villager (Male) |
| 3:13 | Queue | Villager (Male) |
| 3:28 | Queue | Villager (Male) |
| 3:28 | Queue | Villager (Male) |
| 3:50 | Build | House |
| 4:06 | Queue | Villager (Male) |
| 4:06 | Queue | Villager (Male) |
| 4:27 | Build | Barracks |
| 4:34 | Queue | Villager (Male) |
| 4:34 | Queue | Villager (Male) |
| 4:35 | Queue | Villager (Male) |
| 5:14 | Queue | Villager (Male) |
| 5:23 | Build | House |
| 5:33 | Queue | Militia |
| 5:38 | Queue | Militia |
| 5:39 | Queue | Militia |
| 5:39 | Queue | Militia |
| 5:54 | Build | Palisade Wall |
| 5:55 | Build | Palisade Wall |
| 6:02 | Queue | Villager (Male) |
| 6:15 | Queue | Villager (Male) |
| 6:30 | Build | Mill |
| 6:43 | Research | Loom |
| 6:59 | Build | House |
| 7:01 | Queue | Villager (Male) |
| 7:33 | Build | House |
| 7:41 | Queue | Villager (Male) |
| 8:13 | Queue | Villager (Male) |
| 8:27 | Build | Mill |
| 8:31 | Research | Feudal Age |
| 8:32 | Research | Feudal Age |
| 9:10 | Build | Mining Camp |
| 9:30 | Queue | Villager (Male) |
| 9:56 | Age | Feudal Age |
| 10:01 | Queue | Villager (Male) |
| 10:03 | Queue | Militia |
| 10:26 | Queue | Militia |
| 10:35 | Queue | Spearman |
| 10:38 | Build | Archery Range |
| 10:42 | Queue | Villager (Male) |
| 10:51 | Build | Palisade Wall |
| 10:53 | Research | Man-at-Arms (upgrade) |
| 10:53 | Research | Man-at-Arms (upgrade) |
| 11:03 | Queue | Villager (Male) |
| 11:25 | Build | House |
| 11:33 | Queue | Archer |
| 11:33 | Queue | Archer |
| 11:35 | Queue | Villager (Male) |
| 11:35 | Queue | Villager (Male) |
| 11:35 | Queue | Villager (Male) |
| 11:35 | Queue | Villager (Male) |
| 11:36 | Queue | Villager (Male) |
| 11:39 | Build | Farm |
| 11:50 | Research | Double-Bit Axe |
| 11:50 | Research | Double-Bit Axe |
| 12:11 | Build | House |
| 12:11 | Queue | Archer |
| 12:35 | Queue | Villager (Male) |
| 12:42 | Build | House |
| 12:42 | Queue | Archer |
| 12:52 | Queue | Militia |
| 12:59 | Build | Blacksmith |
| 13:04 | Build | Farm |
| 13:06 | Build | Farm |
| 13:15 | Queue | Villager (Male) |
| 13:16 | Queue | Villager (Male) |
| 13:23 | Queue | Archer |
| 13:26 | Build | Farm |
| 13:27 | Build | Farm |
| 13:37 | Build | House |
| 13:50 | Build | Palisade Gate |
| 13:51 | Build | Palisade Wall |
| 13:54 | Queue | Archer |
| 13:58 | Build | House |
| 13:58 | Queue | Villager (Male) |
| 13:58 | Queue | Villager (Male) |
| 14:06 | Build | Farm |
| 14:15 | Queue | Archer |
| 14:20 | Build | House |
| 14:21 | Queue | Villager (Male) |
| 14:30 | Build | House |
| 14:40 | Research | Fletching |
| 14:40 | Research | Fletching |
| 14:50 | Queue | Villager (Male) |
| 15:08 | Build | Farm |
| 15:09 | Build | Farm |
| 15:14 | Build | Palisade Wall |
| 15:16 | Queue | Villager (Male) |
| 15:23 | Queue | Archer |
| 15:33 | Queue | Villager (Male) |
| 15:34 | Build | House |
| 15:52 | Queue | Villager (Male) |
| 16:06 | Queue | Villager (Male) |
| 16:09 | Queue | Archer |
| 16:23 | Queue | Villager (Male) |
| 16:30 | Build | Market |
| 16:52 | Queue | Archer |
| 17:15 | Queue | Archer |
| 17:15 | Queue | Villager (Male) |
| 17:17 | Build | Lumber Camp |
| 17:32 | Queue | Villager (Male) |
| 17:43 | Queue | Archer |
| 17:57 | Queue | Villager (Male) |
| 18:23 | Queue | Villager (Male) |
| 18:34 | Build | Farm |
| 18:36 | Build | Farm |
| 18:37 | Build | Farm |
| 18:45 | Build | House |
| 18:48 | Queue | Archer |
| 18:50 | Build | Archery Range |
| 19:00 | Build | Farm |
| 19:18 | Research | Castle Age |
| 19:18 | Research | Castle Age |
| 19:18 | Research | Castle Age |
| 19:36 | Research | Horse Collar |
| 19:37 | Research | Horse Collar |
| 19:51 | Queue | Archer |
| 19:53 | Build | Farm |
| 20:11 | Queue | Archer |
| 20:18 | Build | House |
| 20:20 | Build | Palisade Wall |
| 20:20 | Build | Palisade Wall |
| 20:27 | Build | Lumber Camp |
| 20:28 | Queue | Archer |
| 20:45 | Queue | Villager (Male) |
| 20:54 | Age | Castle Age |
| 20:56 | Research | Crossbowman (upgrade) |
| 21:04 | Research | Bodkin Arrow |
| 21:04 | Research | Bodkin Arrow |
| 21:09 | Queue | Villager (Male) |
| 21:09 | Queue | Villager (Male) |
| 21:17 | Build | University |
| 21:28 | Build | Farm |
Match timeline
| 4:27 | I believe I can fly · first_building Barracks |
| 5:54 | I believe I can fly · wall_segment Palisade Wall x1 |
| 5:55 | I believe I can fly · wall_segment Palisade Wall x1 |
| 7:54 | RaggedCone8628 · wall_segment Palisade Wall x5 |
| 8:34 | RaggedCone8628 · wall_segment Palisade Wall x1 |
| 9:13 | RaggedCone8628 · first_building Barracks |
| 9:48 | RaggedCone8628 · age_up feudal |
| 9:56 | RaggedCone8628 · first_building Stable |
| 9:56 | I believe I can fly · age_up feudal |
| 10:38 | I believe I can fly · first_building Archery Range |
| 10:51 | I believe I can fly · wall_segment Palisade Wall x11 |
| 11:15 | RaggedCone8628 · wall_segment Palisade Wall x6 |
| 11:20 | RaggedCone8628 · wall_segment Palisade Wall x7 |
| 11:58 | RaggedCone8628 · wall_segment Palisade Wall x1 |
| 13:38 | RaggedCone8628 · wall_segment Palisade Wall x7 |
| 13:51 | I believe I can fly · wall_segment Palisade Wall x1 |
| 15:14 | I believe I can fly · wall_segment Palisade Wall x4 |
| 15:35 | RaggedCone8628 · first_building Archery Range |
| 15:37 | RaggedCone8628 · wall_segment Palisade Wall x2 |
| 16:18 | RaggedCone8628 · wall_segment Palisade Wall x2 |
| 16:50 | RaggedCone8628 · wall_segment Palisade Wall x2 |
| 16:56 | RaggedCone8628 · wall_segment Palisade Wall x1 |
| 17:56 | I believe I can fly · first_market_buy 100 food |
| 19:13 | RaggedCone8628 · wall_segment Palisade Wall x6 |
| 19:16 | I believe I can fly · first_market_sell 100 wood |
| 19:59 | RaggedCone8628 · first_market_buy 100 food |
| 20:00 | RaggedCone8628 · first_market_sell 100 wood |
| 20:12 | RaggedCone8628 · wall_segment Palisade Wall x11 |
| 20:20 | I believe I can fly · wall_segment Palisade Wall x1 |
| 20:20 | I believe I can fly · wall_segment Palisade Wall x1 |
| 20:54 | I believe I can fly · age_up castle |
| 22:41 | RaggedCone8628 · age_up castle |
| 23:58 | RaggedCone8628 · wall_segment Palisade Wall x1 |
| 24:01 | I believe I can fly · first_building Siege Workshop |
| 27:51 | RaggedCone8628 · first_building Siege Workshop |
| 29:25 | I believe I can fly · first_building Monastery |
| 30:32 | RaggedCone8628 · first_building Monastery |
| 31:49 | RaggedCone8628 · first_building Castle |
| 32:51 | I believe I can fly · age_up imperial |
| 33:10 | I believe I can fly · first_building Castle |
| 36:07 | RaggedCone8628 · age_up imperial |
| 44:17 | RaggedCone8628 · wall_segment Palisade Wall x1 |
| 71:27 | I believe I can fly · resign |
[ AI ANALYSIS · 1 CREDIT ]
What really happened in this match?
Wolo.gg analyzes every decision: build order, eco, micro, common mistakes by bracket. Personalized analysis on WhatsApp or Discord in 30 seconds.
Civ guide
Bohemians
Perfil
Jugador #23079294